[Event "FRA-ch Teams Top 16-Bas 2022"]
[Site "Chartres"]
[Date "2022.06.18"]
[Round "10.22"]
[White "Boukhris-Ferre, Yacine"]
[Black "Migot, Tangi"]
[Result "1-0"]
[ECO "B22"]
[WhiteElo "2183"]
[BlackElo "2353"]
[Annotator "TA"]
[PlyCount "81"]
[EventDate "2022.06.16"]
[EventType "team-tourn"]
[EventCountry "FRA"]
[SourceTitle "playchess.com"]
[Source "ChessBase"]
[SourceQuality "1"]
[TimeControl "40/5400+30:1800+30"]

1. e4 c5 2. Nf3 e6 3. c3 Nf6 4. e5 Nd5 5. b4 b6 6. bxc5 {[%emt 0:00:06] B22: Sicilian: 2 c3.} bxc5 {[%emt 0:00:07] [#]} 7. Bd3 $146 ({Predecessor:} 7. Na3 d6 8. Bb5+ Bd7 9. Bxd7+ Nxd7 10. Nc4 dxe5 11. Nfxe5 N5b6 12. Qf3 Nxe5 13. Nxe5 {½-½ (37) Cicak,S (2534)-Rublevsky,S (2686) Mainz 2004}) 7... Bb7 8. Be4 {[%emt 0:03:51] The position is equal.} Qc7 9. O-O d6 (9... c4 $11) 10. Na3 $14 {[%emt 0:13:07] Hoping for c4.} dxe5 11. Nb5 $1 Qc8 12. Nxe5 {[%emt 0:14:45] Threatens to win with Qf3.} Nc6 ({Black should play} 12... Be7) 13. Bxd5 $16 {[%emt 0:05:30] White is much more active. The black rooks are badly placed.} Nxe5 14. Bxb7 Qxb7 {[%emt 0:00:06] [#]} 15. Rb1 Qd7 {[%emt 0:01:44] Against Nd6+} 16. d4 $36 {[%emt 0:01:15][%mdl 2048] White is on the roll.} Nc6 (16... a6 $16 {is a better chance.}) 17. d5 $18 exd5 18. Bf4 ({Worse is} 18. Bg5 Be7 19. Bf4 Rc8 $17) 18... Rc8 19. Re1+ Kd8 20. Qf3 {[%emt 0:06:40] Strongly threatening Rbd1.} a6 {[%emt 0:01:01] [#]} 21. Rbd1 $1 d4 {[%emt 0:08:04] [#]} 22. cxd4 $1 axb5 23. dxc5 Nd4 {[%emt 0:00:05] [#]} 24. Rxd4 $1 {[%emt 0:01:55][%mdl 576] Clearance} Qxd4 25. Rd1 Qxd1+ 26. Qxd1+ Ke8 27. Qe2+ Kd8 28. Qd3+ Ke7 29. Bd6+ Ke8 30. Qxb5+ Kd8 31. Qb6+ (31. Bxf8 $142 Rxf8 32. Qd3+ Ke8 33. Qe4+ Kd7 34. Qd5+ Ke7 35. Qd6+ Ke8 36. c6 Rxc6 37. Qxc6+ Ke7 38. Qc5+ Ke8 39. Qe5+ Kd8 40. Qg5+ Kd7 41. Qxg7) 31... Ke8 32. Qb7 Rd8 33. Qb5+ Rd7 34. Qb8+ Rd8 35. Qb5+ (35. Qc7 $142 Bxd6 36. cxd6) 35... Rd7 36. h4 Bxd6 37. cxd6 h5 38. Qe5+ Kf8 39. Qc3 (39. Qc5 $142 Ke8 40. Qc8+ Rd8 41. Qc6+ Kf8 42. Qc7 Re8 43. d7 g6 44. dxe8=Q+ Kxe8 45. Qe5+ Kd7 46. Qxh8) 39... Rd8 40. Qc7 Ra8 41. d7 {[%emt 0:30:27] Black did not feel at home in the position after the opening.  Weighted Error Value: White=0.31/Black=1.23} 1-0

[Event "FRA-ch Teams Top 16-Bas 2022"]
[Site "Chartres"]
[Date "2022.06.18"]
[Round "10.23"]
[White "Koch, Jean-Rene"]
[Black "Roubert, Emile"]
[Result "1-0"]
[ECO "A13"]
[WhiteElo "2441"]
[BlackElo "2027"]
[Annotator "TA"]
[PlyCount "81"]
[EventDate "2022.06.16"]
[EventType "team-tourn"]
[EventCountry "FRA"]
[SourceTitle "playchess.com"]
[Source "ChessBase"]
[SourceQuality "1"]
[TimeControl "40/5400+30:1800+30"]

1. c4 e6 2. Nf3 d5 3. g3 dxc4 4. Qa4+ Bd7 5. Qxc4 c5 6. Bg2 {[%emt 0:03:06] A13: English Opening: 1...e6.} Bc6 7. O-O Nf6 8. b3 {[%emt 0:10:42] The position is equal.} Nbd7 9. Bb2 Be7 10. d3 O-O 11. Nbd2 Rc8 {[%emt 0:01:15] [#]} 12. Rad1 $146 ({Predecessor:} 12. e4 Ng4 13. h3 Bf6 14. d4 Nh6 15. Qe2 Nb6 16. Qe3 cxd4 17. Nxd4 Bxd4 18. Bxd4 {1-0 (56) Maghsoodloo,P (2673)-Naiditsch,A (2710) Astana 2019}) 12... Qc7 13. Qc1 b6 14. Qa1 Qb7 15. e4 Rfd8 16. Nc4 Qa8 17. Nfe5 Nxe5 18. Nxe5 Bb7 19. f4 (19. Bc3 $14) 19... Ne8 (19... b5 $1 $11) 20. g4 f6 21. Nc4 Rd7 (21... b5 $11 22. Na5 c4) 22. Qc1 (22. g5 $14) 22... Rcd8 (22... b5 $5 23. Na5 c4 24. bxc4 (24. Nxb7 c3 $11) 24... bxc4 25. Nxc4 Nd6 $14) 23. Qe3 Nd6 24. Nxd6 (24. g5 $5 ) 24... Bxd6 25. g5 fxg5 26. fxg5 e5 (26... Kh8 27. g6 (27. Qh3 e5 $16) 27... e5 28. Qg3 $16) (26... Rf8 $11) 27. Bh3 {[%emt 0:02:02] White is more active.} (27. Qg3 $16) 27... Re7 $14 28. g6 {[%emt 0:01:43] [#]} (28. Kg2 $14 {keeps the upper hand.}) 28... hxg6 (28... c4 $1 $17 {aiming for ...Bc5.} 29. Kh1 (29. bxc4 $2 Bc5 $19) 29... Bc5) 29. Qg5 $11 Bc8 $1 ({Don't play} 29... c4 30. bxc4 Bc5+ 31. Kh1 $16) 30. Rf3 Bxh3 31. Rxh3 {[%emt 0:00:05] Threatens to win with Qh4.} Re6 32. Qh4 {[%emt 0:00:38] White threatens Rf1 and mate.} Rf6 {[%emt 0:01:33] [#]} 33. Bc1 $1 ({Wrong is} 33. d4 $2 cxd4 34. Bc1 d3 35. Rhxd3 (35. Bg5 $2 Bc5+ 36. Kg2 Rf2+ 37. Kg3 Rdf8 $19) 35... Bc5+ 36. Kg2 Rf2+ 37. Kg3 Rdf8 $19) 33... Be7 (33... Qc8 $14) 34. Bg5 $40 {[%emt 0:00:19][%mdl 192] Skewer. Black is in trouble.} Qc8 35. Bxf6 Bxf6 36. Qh7+ Kf7 {[%emt 0:00:12] White must now prevent ...Qg4+.} 37. Rg3 {[%emt 0:01:07] Prevents Qg4.} g5 38. Rf1 {[%emt 0:01:36] And now Rxg5 would win.} Ke7 $2 {[%emt 0:03:02] [#]} (38... g4 39. Qh5+ Ke7 40. Rxg4 Kd6) 39. Rxf6 $1 Kxf6 40. Rf3+ Ke6 41. Qg6+ {[%emt 0:30:25] Weighted Error Value: White=0.20 (precise) /Black=0.44} 1-0

[Event "FRA-ch Teams Top 16-Bas 2022"]
[Site "Chartres"]
[Date "2022.06.18"]
[Round "10.24"]
[White "Gennesseaux, Gabrielle"]
[Black "Schippke, Manon"]
[Result "0-1"]
[ECO "B51"]
[WhiteElo "1794"]
[BlackElo "2072"]
[Annotator "NA RC"]
[PlyCount "74"]
[EventDate "2022.06.16"]
[EventType "team-tourn"]
[EventCountry "FRA"]
[SourceTitle "playchess.com"]
[Source "ChessBase"]
[SourceQuality "1"]
[TimeControl "40/5400+30:1800+30"]

1. e4 c5 2. Nf3 d6 3. Bb5+ Nc6 4. O-O Bd7 5. Re1 a6 6. Bf1 Bg4 7. c3 e5 8. h3 Bh5 9. d3 Be7 10. Nbd2 Nf6 11. Nc4 O-O 12. Ne3 Re8 13. Nf5 Bf8 14. Bg5 h6 15. Bh4 b5 16. g4 Bg6 17. Bg2 Bxf5 18. exf5 Rc8 19. a4 d5 20. axb5 axb5 21. Nd2 c4 22. dxc4 bxc4 23. Ra6 e4 24. Nf1 Ne5 25. Bg3 Nd3 26. Re2 Nd7 27. Ne3 N7c5 28. Ra2 Bd6 29. Bxd6 Qxd6 30. Nc2 Nb3 31. Re3 Ra8 32. Rxa8 Rxa8 33. Rxd3 exd3 34. Na3 Re8 35. Bf3 Qf4 36. Bxd5 Re2 37. Qf1 Nd2 0-1

[Event "FRA-ch Teams Top 16-Bas 2022"]
[Site "Chartres"]
[Date "2022.06.18"]
[Round "10.26"]
[White "Eugene, Floryan"]
[Black "Iglesias, Yosha"]
[Result "0-1"]
[ECO "C42"]
[WhiteElo "2370"]
[BlackElo "2202"]
[Annotator "TA"]
[PlyCount "81"]
[EventDate "2022.06.16"]
[EventType "team-tourn"]
[EventCountry "FRA"]
[SourceTitle "playchess.com"]
[Source "ChessBase"]
[SourceQuality "1"]
[TimeControl "40/5400+30:1800+30"]

1. e4 e5 2. Nf3 Nf6 3. Nxe5 Nxe4 4. Qe2 Qe7 5. Qxe4 d6 6. d4 dxe5 7. dxe5 Nc6 {[%emt 0:00:23][%cal Bb8c6,Bc6e5,Be5f7,Bf7d6][%mdl 32] C42: Petroff Defence: 3 Nxe5 and unusual White 3rd moves.} 8. Nc3 {[%emt 0:11:01] aiming for Nd5. is recently more successful than 8.Bb5.} Qxe5 9. Qxe5+ Nxe5 {[%emt 0:00:07] White is slightly better.} 10. Bf4 Bd6 11. Bg3 h5 12. O-O-O {[%emt 0:03:38] [#] Bxe5 is the strong threat.} f6 $146 ({Predecessor:} 12... Be6 13. Bb5+ Kf8 14. Rhe1 Nc4 15. Bxc4 Bxg3 16. Bxe6 Bf4+ 17. Kb1 fxe6 18. g3 Bd6 19. Rxe6 {1-0 (39) Bedic,N (1535)-Desnica,L (1663) Split 2021}) 13. f4 (13. Nb5 $16) 13... Nf7 $11 14. Nb5 Kf8 (14... h4 $5 15. Nxd6+ Nxd6 $11) 15. Bd3 h4 16. Nxd6 Nxd6 17. Bf2 h3 18. g3 Bg4 19. Rd2 $36 {[%emt 0:01:04][%mdl 2048] White has good play.} Rh5 {[%emt 0:04:47] Inhibits Bc5.} 20. Re1 Ra5 21. a3 Re8 22. Rxe8+ Kxe8 23. Be1 {[%emt 0:10:49] Black must now prevent Be2.} Kf7 24. c4 Rh5 25. b4 (25. Bf2 $14) 25... Rh8 26. Bf2 Re8 27. Bxa7 Re1+ 28. Kb2 Bf3 29. Bb8 f5 $1 ({But not} 29... Ne4 30. Bxe4 Rxe4 31. Bxc7 $14) 30. Bxc7 Ne4 31. Rc2 Rh1 {[%emt 0:07:52] Strongly threatening ...Bd1.} 32. g4 $2 {[%emt 0:01:29][%mdl 8192] White does not recover from this.} (32. Bb6 $11) 32... Bd1 $19 {[%emt 0:03:57] Black is clearly winning.} 33. Bxe4 fxe4 {[%emt 0:00:05][%mdl 4096] Endgame KRB-KRB} 34. f5 e3 35. Rc3 e2 36. Bg3 {[%emt 0:00:08] [#]} Rxh2 $3 37. Be1 Rh1 38. Bh4 e1=Q 39. Bxe1 Rxe1 40. Rxh3 Bxg4 41. Rg3 {[%emt 0:33:01] Weighted Error Value: White=0.38/Black=0.05 (flawless)} 0-1

[Event "FRA-ch Teams Top 16-Bas 2022"]
[Site "Chartres"]
[Date "2022.06.18"]
[Round "10.27"]
[White "Solakian-Van Eyll, Jerome"]
[Black "Duboue, Peio"]
[Result "0-1"]
[ECO "D00"]
[WhiteElo "2248"]
[BlackElo "2426"]
[Annotator "TA"]
[PlyCount "66"]
[EventDate "2022.06.16"]
[EventType "team-tourn"]
[EventCountry "FRA"]
[SourceTitle "playchess.com"]
[Source "ChessBase"]
[SourceQuality "1"]
[TimeControl "40/5400+30:1800+30"]

1. d4 d5 2. Nc3 Nf6 3. Bf4 c5 4. e4 Nxe4 5. Nxe4 dxe4 6. dxc5 {[%emt 0:00:20] D00: 1 d4 d5: Unusual lines.} Qa5+ 7. c3 {[%emt 0:00:26] And now b4 would win.} Qxc5 8. Qa4+ {[%emt 0:00:26] The position is equal.} Nc6 9. Qxe4 Bf5 10. Qa4 e5 (10... Qb6 {looks sharper.} 11. O-O-O e5 12. Bxe5 Qxf2 13. Nf3 Bc5) 11. Be3 Qa5 {[%emt 0:00:45] [#]} 12. Qxa5 $146 ({Predecessor:} 12. Qb3 Qc7 13. Nf3 Bd6 14. Bc4 O-O 15. Bd5 Rad8 16. Ng5 Na5 17. Qa4 h6 18. Ne4 {0-1 (51) Shimanov,A (2581)-Deac,B (2679) Chess.com INT 2022}) 12... Nxa5 13. O-O-O Be7 14. Bb5+ Nc6 15. Nf3 {[%emt 0:03:51] aiming for Nxe5.} f6 16. Bc4 Bd7 17. Rd2 O-O-O 18. Rhd1 Kc7 19. b4 b6 20. Kb2 g5 21. Kb3 Bc8 22. a4 Rxd2 23. Rxd2 a5 24. b5 Nb8 25. Ne1 Nd7 26. f3 Rd8 27. Nd3 f5 28. Bd5 (28. Re2 $11) 28... Nf6 29. Bc6 {[%emt 0:00:06] [#]} (29. Bc4 $17 f4 30. Bf2) 29... f4 $1 $19 30. Nxe5 $2 (30. Bg1) 30... fxe3 {[%emt 0:00:25] Black is clearly winning.} 31. Re2 Bc5 {[%emt 0:00:33] White must now prevent ...Be6+.} 32. g4 h6 33. Kc2 Be6 {[%emt 0:00:12] Weighted Error Value: White=0.44/Black=0.09 (flawless)} 0-1

[Event "FRA-ch Teams Top 16-Bas 2022"]
[Site "Chartres"]
[Date "2022.06.18"]
[Round "10.28"]
[White "Hutois, Mickael"]
[Black "Sohier, Julien"]
[Result "1-0"]
[ECO "C65"]
[WhiteElo "2238"]
[BlackElo "2218"]
[Annotator "TA"]
[PlyCount "71"]
[EventDate "2022.06.16"]
[EventType "team-tourn"]
[EventCountry "FRA"]
[SourceTitle "playchess.com"]
[Source "ChessBase"]
[SourceQuality "1"]
[TimeControl "40/5400+30:1800+30"]

1. e4 e5 2. Nf3 Nc6 3. Bb5 Nf6 4. d3 Bc5 5. c3 O-O 6. O-O d6 7. Nbd2 {[%emt 0:02:02] 7.Re1 is the fancy move.} a6 {[%emt 1:28:45] C65: Ruy Lopez: Berlin Defence (3...Nf6), unusual lines and 4 0-0 Bc5.} 8. Bxc6 bxc6 9. d4 Bb6 (9... exd4 $11 {remains equal.} 10. cxd4 Bb6) 10. dxe5 $16 dxe5 11. Nxe5 {[%emt 0:00:37] [#]} Re8 $146 ({Predecessor:} 11... Qd6 12. Ndc4 Qxd1 13. Rxd1 Be6 14. Nxb6 cxb6 15. f3 Rad8 16. Rxd8 Rxd8 17. Bg5 h6 18. Bxf6 gxf6 19. Nxc6 {1-0 (45) Kowalski,B (1415)-Landowski,W (1280) IECC email 2002}) 12. Ndc4 {[%emt 0:05:53] Strongly threatening Qxd8.} (12. Nxc6 Qd7 13. Nd4 Bxd4 14. cxd4 Qxd4 $14) 12... Qe7 13. Nxc6 {[%emt 0:09:49] Pair of Knights!} Qxe4 14. Nxb6 cxb6 15. Nd4 (15. Qf3 Qxf3 16. gxf3 Bb7 $14) 15... Bb7 16. f3 Qh4 17. Qd2 b5 18. Qg5 (18. Nf5 {looks sharper.} Qh5 19. Qg5 Qxg5 20. Bxg5 Re5 21. Nd6) 18... Qxg5 19. Bxg5 Nd5 20. a4 b4 21. c4 Nc7 (21... f6 $16) 22. Nb3 Bc8 23. Bf4 Ne6 24. Bd6 {[%emt 0:00:00] White is more active.} Bd7 (24... a5 $16 {was necessary.} 25. Rfe1 h6) 25. Rfe1 (25. Bxb4 $6 Rab8 26. Nc5 Rxb4 27. Nxd7 Rxc4 $14) 25... Rac8 26. Na5 (26. Bxb4 Rxc4 27. Bc3 Rxa4 $11) 26... Nd4 27. Rxe8+ ({Not} 27. Bxb4 Nc2 $11) 27... Bxe8 28. Rd1 ({Worse is} 28. Bxb4 Nc2 29. Rd1 Nxb4 $17) 28... Nc6 29. Nxc6 Bxc6 $18 {[%emt 0:00:09][%mdl 4096] Endgame KRB-KRB} 30. b3 h5 31. a5 ({Much less strong is} 31. Bxb4 Rb8) 31... Bd7 (31... Rd8 $142 32. Kf2 f6) 32. Bxb4 Bf5 {[%emt 0:00:13] [#]} 33. Rd6 $1 Bc2 34. Rxa6 Bxb3 {[%emt 0:00:30] [#]} 35. c5 Ba4 36. Rb6 {[%emt 0:00:00] White took control after the opening.  Weighted Error Value: White=0.05 (flawless) /Black=0.26 (precise)} 1-0

[Event "FRA-ch Teams Top 16-Bas 2022"]
[Site "Chartres"]
[Date "2022.06.18"]
[Round "10.29"]
[White "Ramirez Garcia, Jorge Alberto"]
[Black "Real, Thibault"]
[Result "1/2-1/2"]
[ECO "B06"]
[WhiteElo "2242"]
[BlackElo "2262"]
[Annotator "TA"]
[PlyCount "118"]
[EventDate "2022.06.16"]
[EventType "team-tourn"]
[EventCountry "FRA"]
[SourceTitle "playchess.com"]
[Source "ChessBase"]
[SourceQuality "1"]
[TimeControl "40/5400+30:1800+30"]

1. e4 c5 2. c3 d5 3. exd5 Qxd5 4. d4 g6 5. Nf3 Bg7 6. Na3 cxd4 7. Nb5 {[%emt 0:00:51] [#] And now Nc7+ would win. B06: Modern Defence.} Na6 {[%emt 0:00:10] Against Nc7+} 8. Nbxd4 {[%emt 0:00:17] Active counter play!} Nf6 9. Bb5+ Bd7 10. Qe2 Bxb5 11. Nxb5 O-O 12. O-O Qe4 {[%emt 0:00:09] [#]} 13. Qxe4 $146 ({Predecessor:} 13. Re1 Nc5 14. Qf1 Qa4 15. Be3 Nce4 16. Bd4 a6 17. Na3 Nd6 18. Rad1 Nf5 19. Qc4 Qxc4 20. Nxc4 Nxd4 21. Nxd4 {½-½ (39) Hausdorf,H (2260)-Kisch,E (2174) ICCF email 2016}) 13... Nxe4 14. Be3 Nac5 15. Ng5 a6 16. Nc7 Rac8 17. Nd5 Rfe8 18. Rad1 Nf6 19. Bxc5 Rxc5 20. Nxf6+ Bxf6 21. Ne4 Rc7 22. Nxf6+ exf6 $11 {[%emt 0:02:46][%mdl 4096] Endgame KRR-KRR} 23. Rd2 {[%emt 0:01:14] Against Re2} f5 24. Rfd1 Rce7 {[%emt 0:03:47] [#] ( -> ...Re1+)} 25. g3 Kg7 26. Kf1 g5 27. Rd8 Rxd8 28. Rxd8 {[%emt 0:00:07] KR-KR} g4 29. Rd6 f6 30. c4 Kg6 31. c5 (31. a4 $14) 31... h5 (31... a5 $1 $11) 32. b4 h4 33. gxh4 f4 34. f3 gxf3 35. Kf2 a5 36. h5+ ({Don't do} 36. bxa5 $6 Re2+ 37. Kxf3 Rxa2 $14) 36... Kg5 37. Rd5+ f5 {[%emt 0:00:36] The position is equal.} 38. h6 {[%emt 0:03:32] Threatens to win with b5.} (38. b5 $5 ) 38... axb4 39. Rd6 Re2+ 40. Kxf3 Rxh2 41. Rb6 Rh3+ 42. Kg2 Rxh6 43. Rxb4 ({But not} 43. Rxb7 Ra6 $15) 43... Ra6 44. Rxb7 Rxa2+ 45. Kf3 Ra3+ 46. Kf2 Rc3 47. Rc7 f3 48. Kg3 f2+ 49. Kxf2 Kf4 50. Ke2 Ke4 51. Re7+ Kd4 52. c6 Rxc6 53. Kf3 Rc1 54. Re8 Rf1+ 55. Kg3 Kd5 56. Re7 Kd6 57. Re8 Kd7 58. Re5 Kd6 59. Re8 Kd7 {[%emt 0:09:41] Weighted Error Value: White=0.06 (flawless) /Black=0.06 (flawless)} 1/2-1/2

[Event "FRA-ch Teams Top 16-Bas 2022"]
[Site "Chartres"]
[Date "2022.06.18"]
[Round "10.30"]
[White "Prodhomme, Boris"]
[Black "Hirth, Julien"]
[Result "1-0"]
[ECO "E90"]
[WhiteElo "2045"]
[BlackElo "2072"]
[Annotator "NA RC"]
[PlyCount "117"]
[EventDate "2022.06.16"]
[EventType "team-tourn"]
[EventCountry "FRA"]
[SourceTitle "playchess.com"]
[Source "ChessBase"]
[SourceQuality "1"]
[TimeControl "40/5400+30:1800+30"]

1. d4 d6 2. Nf3 Nf6 3. c4 g6 4. Nc3 Bg7 5. e4 O-O 6. h3 e5 7. d5 a5 8. Bg5 Na6 9. a3 Bd7 10. Nd2 h6 11. Be3 Nc5 12. b4 axb4 13. axb4 Rxa1 14. Qxa1 Na6 15. c5 Nh5 16. c6 Nxb4 17. Qb1 Nxc6 18. dxc6 Bxc6 19. Be2 Nf4 20. Bf3 f5 21. g3 Ne6 22. Qb3 Qf6 23. exf5 gxf5 24. Bd5 Bxd5 25. Qxd5 c6 26. Qxd6 Rd8 27. Qb4 e4 28. Ncb1 f4 29. gxf4 Nxf4 30. Bxf4 Qxf4 31. Qe7 Rf8 32. Rf1 Rf7 33. Qe8+ Rf8 34. Qxe4 Qf7 35. Qc4 Re8+ 36. Kd1 Re6 37. f4 b5 38. Qb3 Qh5+ 39. Rf3 Qf5 40. Re3 Kf7 41. Rxe6 Qxe6 42. Qd3 Qf6 43. Qd7+ Kg6 44. Qe8+ Kh7 45. Qe4+ Kg8 46. Nf3 c5 47. Ne5 Qd6+ 48. Ke2 c4 49. Nd2 c3 50. Ndf3 b4 51. Qc4+ Kh7 52. Qd3+ Qxd3+ 53. Kxd3 Bxe5 54. fxe5 Kg6 55. Nd4 Kf7 56. Ke4 c2 57. Nxc2 b3 58. Na3 Ke6 59. Nb1 1-0

[Event "FRA-ch Teams Top 16-Bas 2022"]
[Site "Chartres"]
[Date "2022.06.18"]
[Round "10.31"]
[White "Auvray, Juliette"]
[Black "Jaouen, Valentin"]
[Result "1-0"]
[ECO "B15"]
[WhiteElo "1970"]
[BlackElo "2121"]
[Annotator "NA RC"]
[PlyCount "61"]
[EventDate "2022.06.16"]
[EventType "team-tourn"]
[EventCountry "FRA"]
[SourceTitle "playchess.com"]
[Source "ChessBase"]
[SourceQuality "1"]
[TimeControl "40/5400+30:1800+30"]

1. e4 c6 2. d4 d5 3. Nc3 dxe4 4. Nxe4 Nf6 5. Nxf6+ exf6 6. Be3 Bd6 7. Bd3 O-O 8. Qd2 Re8 9. O-O-O Nd7 10. Ne2 a5 11. g4 Nb6 12. g5 Nd5 13. gxf6 Qxf6 14. Bg5 Qe6 15. Rde1 Nb4 16. Nc3 Nxd3+ 17. cxd3 Qd7 18. Rxe8+ Qxe8 19. Ne4 Qe6 20. Re1 Bb4 21. Nc3 Qd7 22. Qf4 b5 23. a3 Bd6 24. Qh4 Bb7 25. Ne4 Kh8 26. Nxd6 Qxd6 27. Re7 f6 28. Qe4 fxg5 29. Re8+ Qf8 30. Rxf8+ Rxf8 31. Qe7 1-0

[Event "FRA-ch Teams Top 16-Bas 2022"]
[Site "Chartres"]
[Date "2022.06.18"]
[Round "10.32"]
[White "Ruhlmann, Helene"]
[Black "Lemonnier, Remi"]
[Result "1-0"]
[ECO "D44"]
[WhiteElo "1779"]
[BlackElo "2033"]
[Annotator "NA RC"]
[PlyCount "105"]
[EventDate "2022.06.16"]
[EventType "team-tourn"]
[EventCountry "FRA"]
[SourceTitle "playchess.com"]
[Source "ChessBase"]
[SourceQuality "1"]
[TimeControl "40/5400+30:1800+30"]

1. d4 d5 2. c4 c6 3. Nf3 Nf6 4. Nc3 e6 5. Bg5 dxc4 6. e4 b5 7. e5 h6 8. Bh4 g5 9. Nxg5 hxg5 10. Bxg5 Nbd7 11. exf6 Bb7 12. g3 c5 13. d5 Qb6 14. Bg2 O-O-O 15. O-O b4 16. Na4 Qa6 17. a3 Bxd5 18. Bxd5 Ne5 19. Qe2 Rxd5 20. axb4 cxb4 21. Nc3 Qd6 22. Nxd5 Qxd5 23. f3 Nd3 24. h4 Bc5+ 25. Kg2 Qd4 26. b3 c3 27. Rad1 Rd8 28. Qe4 Qxe4 29. fxe4 a5 30. h5 a4 31. bxa4 b3 32. h6 Ne5 33. Rxd8+ Kxd8 34. h7 Ng6 35. Bc1 b2 36. Bxb2 cxb2 37. g4 Kc7 38. Kf3 Kb6 39. Ke2 Ka5 40. Kd3 Kxa4 41. Kc2 Bd4 42. g5 Kb4 43. Rh1 Nh8 44. Rh3 Be5 45. Rd3 Bf4 46. Rd8 Ng6 47. Rg8 Ka3 48. Kb1 Ne5 49. h8=Q Nc4 50. Qh3+ Be3 51. Ra8+ Kb3 52. Rb8+ Kc3 53. Rxb2 1-0

[Event "FRA-ch Teams Top 16-Bas 2022"]
[Site "Chartres"]
[Date "2022.06.19"]
[Round "11.1"]
[White "Kulaots, Kaido"]
[Black "Malakhov, Vladimir"]
[Result "1/2-1/2"]
[ECO "C67"]
[WhiteElo "2537"]
[BlackElo "2652"]
[Annotator "TA"]
[PlyCount "97"]
[EventDate "2022.06.16"]
[EventType "team-tourn"]
[EventCountry "FRA"]
[SourceTitle "playchess.com"]
[Source "ChessBase"]
[SourceQuality "1"]
[TimeControl "40/5400+30:1800+30"]

1. e4 e5 2. Nf3 Nc6 3. Bb5 Nf6 4. O-O Nxe4 5. Re1 Nd6 6. Nxe5 Be7 7. Bf1 Nxe5 8. Rxe5 O-O 9. d4 Bf6 10. Re1 Nf5 {[%emt 0:00:13] C67: Ruy Lopez: Berlin Defence: 4 0-0 Nxe4.} 11. d5 Re8 12. Rxe8+ Qxe8 13. Qd3 d6 14. Nd2 c6 15. c3 cxd5 16. Qxd5 Qc6 17. Qd3 d5 18. Nf3 h6 19. Bf4 Be6 20. Re1 {[%emt 0:04:58] [#]} d4 $146 ({Predecessor:} 20... Qc4 21. Be5 Bxe5 22. Rxe5 Qxd3 23. Bxd3 Ne7 24. Re1 Nc6 25. Nd4 Nxd4 26. cxd4 Kf8 {½-½ (47) Papp,G (2589)-Malakhov,V (2665) Germany 2020}) 21. c4 Rd8 22. b3 Ne7 23. Qd2 Ng6 24. Bd3 Bg4 25. Ne5 Bxe5 26. Bxe5 Nxe5 27. Rxe5 {[%emt 0:00:09] The position is equal.} Qf6 {[%emt 0:00:25] Against Re7} 28. f4 b6 29. Qf2 Kf8 30. Qd2 g6 31. g3 Kg7 32. Kf2 g5 33. Kg1 Bh3 34. Re2 gxf4 35. Qxf4 Qxf4 36. gxf4 $11 {[%emt 0:00:03][%mdl 4096] Endgame KRB-KRB} Kf6 37. Kf2 Rg8 38. Be4 Re8 39. Bd5 Rxe2+ 40. Kxe2 {[%emt 0:00:04] aiming for Kd3. KB-KB} Bf5 41. b4 Ke7 42. a3 f6 43. Kd2 Kd6 44. Bf3 a5 45. Bg2 axb4 46. axb4 Bg6 47. Bf3 $1 Bf5 48. Bg2 Bg6 49. Bf3 {[%emt 0:00:00] A balanced but interesting game.  Weighted Error Value: White=0.02 (flawless) /Black=0.01 (flawless)} 1/2-1/2

[Event "FRA-ch Teams Top 16-Bas 2022"]
[Site "Chartres"]
[Date "2022.06.19"]
[Round "11.2"]
[White "Piorun, Kacper"]
[Black "Neiksans, Arturs"]
[Result "1/2-1/2"]
[ECO "E06"]
[WhiteElo "2635"]
[BlackElo "2579"]
[Annotator "TA"]
[PlyCount "111"]
[EventDate "2022.06.16"]
[EventType "team-tourn"]
[EventCountry "FRA"]
[SourceTitle "playchess.com"]
[Source "ChessBase"]
[SourceQuality "1"]
[TimeControl "40/5400+30:1800+30"]

1. d4 Nf6 2. c4 e6 3. g3 d5 4. Bg2 Be7 5. Nf3 O-O 6. Nc3 dxc4 7. Ne5 c5 8. dxc5 Qxd1+ 9. Nxd1 Bxc5 10. O-O Nd5 {[%emt 0:12:41] E06: Closed Catalan: Early deviations.} 11. Nxc4 Nc6 12. Bd2 Bd7 13. Nc3 {[%emt 0:08:37] [#]} Nb6 $146 ({Predecessor:} 13... Nxc3 14. Bxc3 Rfd8 15. Na5 Rab8 16. Nxc6 Bxc6 17. Bxc6 bxc6 18. Rfd1 f5 19. Rxd8+ Rxd8 {½-½ (61) Schlosser,P (2569)-Rau,H (2425) Deizisau 2009}) 14. Nxb6 Bxb6 15. Na4 Bd4 16. Rac1 Ne7 17. Nc5 Bxc5 18. Rxc5 {[%emt 0:00:03] Black must now prevent Rc7.} Bc6 19. e4 Rfd8 20. Be3 Rd3 21. Rfc1 Rad8 22. Bf1 Rd1 23. f3 a6 (23... f5 {with more complications.} 24. exf5 Nxf5 25. Kf2 Nxe3 26. Kxe3 R1d2) 24. Kf2 h6 25. h4 Rxc1 26. Rxc1 Kf8 27. g4 Ke8 28. Be2 Rc8 29. Bd4 f6 30. h5 e5 31. Be3 Bd7 32. Rxc8+ Nxc8 $11 {[%emt 0:00:45][%mdl 4096] Endgame KBB-KBN} 33. Bc4 Nd6 34. Bd5 {[%emt 0:00:29] next Bc5 is good for White.} Bc8 35. Bc5 Nb5 36. Bb6 Nd6 37. Bc5 Nf7 {[%emt 0:00:10] The position is equal.} 38. a4 Ng5 39. Be3 Ne6 40. Ke2 Nc7 41. Bc4 Bd7 42. Bb3 Be6 43. Bd1 Bd7 44. Kd3 Ne6 45. Kc4 Bc6 46. Bb6 Kd7 47. b3 Kd6 48. Be2 Be8 49. Bd1 Kc6 50. Be3 Bf7 51. Kb4 Be8 52. Be2 Bf7 53. Bc4 {[%emt 0:00:00] Threatening Bd5+.} Nd8 $1 54. Be2 Ne6 55. Bc4 Nd8 $1 56. Be2 {[%emt 0:00:00] Weighted Error Value: White=0.07 (flawless) /Black=0.05 (flawless)} 1/2-1/2